 Dungeon Crawl Stone Soup version 0.32-a0-12-g7fc57aa741 (webtiles) character file.

Game seed: 1807095270477947410

387 zazu2006 the Magician (level 6, -3/47 HPs)
             Began as a Gnoll Wanderer on Jan 14, 2024.
             Slain by a sleepcap (18 damage)
             ... on level 4 of the Dungeon.
             The game lasted 00:06:10 (3256 turns).

zazu2006 the Magician (Gnoll Wanderer)              Turns: 3256, Time: 00:06:11

Health: -3/47      AC:  4    Str: 11    XL:     6   Next: 78%
Magic:  13/16      EV:  2    Int: 21    God:
Gold:   190        SH:  0    Dex: 16    Spells: 19/20 levels left

rFire   . . .        a - +0 club
rCold   . . .        d - +0 buckler
rNeg    . . .        c - +0 robe
rPois   .            y - +0 helmet
rElec   .            (no cloak)
rCorr   .            (no gloves)
SInv    .            l - +0 pair of boots
Will    .....        (no amulet)
Stlth   ++           m - +6 ring of intelligence
HPRegen 0.27/turn    p - +6 ring of dexterity
MPRegen 0.15/turn

%: no passive effects
@: brilliant, sleeping
A: fangs 1, strong nose, distributed training
a: no special abilities


You were on level 4 of the Dungeon.
You visited 1 branch of the dungeon, and saw 4 of its levels.

You collected 190 gold pieces.

Inventory:

Hand Weapons
 a - a +0 club (weapon)
Armour
 c - a +0 robe (worn)
 d - a +0 buckler (worn)
 l - a +0 pair of boots (worn)
 y - a +0 helmet (worn)
Jewellery
 m - a +6 ring of intelligence (left hand)
 p - a +6 ring of dexterity (right hand)
Wands
 s - a wand of charming (10)
 w - a wand of acid (6)
Scrolls
 b - a scroll of butterflies
 e - 3 scrolls of identify {unknown}
 g - 3 scrolls of teleportation {unknown}
 j - a scroll of fear {unknown}
 k - 2 scrolls of torment {unknown}
 n - 2 scrolls of noise {unknown}
 t - a scroll of vulnerability {unknown}
 u - a scroll of poison {unknown}
Potions
 f - 2 potions of brilliance
 h - a potion of curing
 i - a potion of attraction {unknown}
 o - a potion of enlightenment {unknown}
 q - a potion of lignification {unknown}
 r - 2 potions of mutation {unknown}
 v - a potion of heal wounds {unknown}
 x - a potion of degeneration {unknown}
 z - a potion of might {unknown}


   Skills:
 + Level 3.4 Fighting
 + Level 2.2 Short Blades
 + Level 2.2 Long Blades
 + Level 2.2 Axes
 + Level 2.2 Maces & Flails
 + Level 2.2 Polearms
 + Level 2.2 Staves
 + Level 2.2 Ranged Weapons
 + Level 2.2 Throwing
 + Level 3.4 Armour
 + Level 3.4 Dodging
 + Level 2.2 Stealth
 + Level 3.4 Shields
 + Level 2.2 Unarmed Combat
 + Level 7.5 Spellcasting
 + Level 1.7 Conjurations
 + Level 1.7 Hexes
 + Level 1.7 Summonings
 + Level 1.7 Necromancy
 + Level 1.7 Translocations
 + Level 4.2 Fire Magic
 + Level 2.8 Ice Magic
 + Level 1.7 Air Magic
 + Level 1.7 Earth Magic
 + Level 1.7 Alchemy
 + Level 2.4 Invocations
 + Level 2.2 Evocations
 + Level 2.0 Shapeshifting


You had 19 spell levels left.
You knew the following spells:

 Your Spells              Type           Power      Damage    Failure   Level
a - Foxfire               Conj/Fire      100%       2x1d9     3%          1

Your spell library contained the following spells:

 Spells                   Type           Power      Damage    Failure   Level
 Freeze                   Ice            100%       1d10      3%          1
 Apportation              Tloc           46%        N/A       6%          1
 Necrotise                Necr           92%        1d8       6%          1
 Sting                    Conj/Alch      92%        1d8       6%          1
 Summon Small Mammal      Summ           92%        N/A       6%          1
 Inner Flame              Hex/Fire       30%        N/A       11%         3
 Ozocubu's Armour         Ice            29%        N/A       11%         3
 Ignite Poison            Fire/Alch      30%        N/A       34%         4


Dungeon Overview and Level Annotations

Branches:
Dungeon (4/15)
 Temple: D:4-7

Altars:
Makhleb
Okawaru

Annotations:
D:2 1 runed translucent door, Crazy Yiuf
D:3 1 runed translucent door, mooti9's ghost, amateur HuHu


Innate Abilities, Weirdness & Mutations

You have very sharp teeth.
Your uncanny sense of smell can sniff out nearby items.
Your experience applies equally to all skills.


Message History

Confirm with . or Enter, or press ? or * to list all spells.
You conjure some foxfire!
You block the sleepcap's attack.
You hit the sleepcap.
You bite the sleepcap, but do no damage.
The sleepcap is severely damaged.
The foxfire hits the sleepcap.
The sleepcap is severely damaged.
You block the sleepcap's attack.
Unknown command.
Casting: Foxfire (safe; 3% risk of failure)
Confirm with . or Enter, or press ? or * to list all spells.
You conjure some foxfire!
The sleepcap releases spores at you.
* * * LOW HITPOINT WARNING * * *
Unknown command.
You hit the sleepcap but do no damage.
The sleepcap is severely damaged.
The foxfire hits the sleepcap but does no damage.
The sleepcap is severely damaged.
The sleepcap misses you.
Unknown command.
Casting: Foxfire (safe; 3% risk of failure)
Confirm with . or Enter, or press ? or * to list all spells.
You conjure some foxfire!
You block the sleepcap's attack.
Unknown command.
You hit the sleepcap.
The sleepcap is severely damaged.
The foxfire hits the sleepcap.
The sleepcap is severely damaged.
The sleepcap releases spores at you.
* * * LOW HITPOINT WARNING * * *
Unknown command.
It was a potion of brilliance.
You feel clever all of a sudden. The sleepcap barely misses you.
It was a potion of curing.
You feel better. The sleepcap releases spores at you.
You are engulfed in a cloud of soporific spores!
You fall asleep.
The sleepcap releases spores at you!!
You die...

.......................##...#
####################.#.##...#
<# #.#..#...# #.# .#
#........# #.#....#####.# .#
#........# #.#........#.# .#
#........# #.######...#.# .#
#....[...# #.# ##..#.# .#
.......#######.# ##.#.# .#
∆........@...(## ####...# .#
###.####f#####.####...÷).# ##
#...B..B## ##........#.)
#..)##### #####....#.) #...#
#....#.. #...# #....#.# #...#
######.# #.<.# #.# #...# #.#


You could see a sleepcap and a giant cockroach.

Vanquished Creatures
  A phantom (D:4)
  A scorpion (D:4)
  2 hounds
  3 iron imps (D:3)
  3 gnolls (D:4)
  2 adders (D:3)
  2 dart slugs
  4 orcs (D:4)
  5 ball pythons
  2 bats (D:1)
  6 endoplasms
  12 goblins
  3 hobgoblins
  3 quokkas (D:1)
  A frilled lizard (D:1)
  7 kobolds
  4 rats
61 creatures vanquished.

Vanquished Creatures (others)
  200 foxfires
200 creatures vanquished.

Grand Total: 261 creatures vanquished

Notes
Turn   | Place    | Note
-------+----------+-------------------------------------------
     0 | D:1      | zazu2006 the Gnoll Wanderer began the quest for the Orb.
     0 | D:1      | zazu2006 set off with the following items: a +0 club, a
                  | scroll of butterflies, a +0 robe, a +0 buckler; and the
                  | following spells available to memorise: Foxfire, Freeze,
                  | Ozocubu's Armour, Inner Flame, Ignite Poison.
     0 | D:1      | Reached XP level 1. HP: 17/17 MP: 8/8
     2 | D:1      | Learned a level 1 spell: Foxfire
    92 | D:1      | Reached XP level 2. HP: 23/23 MP: 8/10
   423 | D:1      | Reached XP level 3. HP: 28/28 MP: 7/11
   732 | D:2      | Found a runed translucent door.
   733 | D:2      | Noticed Crazy Yiuf
   788 | D:2      | Reached skill level 1 in Invocations
   912 | D:2      | Found a faded altar of an unknown god.
  1263 | D:3      | Reached skill level 1 in Short Blades
  1263 | D:3      | Reached skill level 1 in Long Blades
  1263 | D:3      | Reached skill level 1 in Axes
  1263 | D:3      | Reached skill level 1 in Maces & Flails
  1263 | D:3      | Reached skill level 1 in Polearms
  1263 | D:3      | Reached skill level 1 in Staves
  1263 | D:3      | Reached skill level 1 in Ranged Weapons
  1263 | D:3      | Reached skill level 1 in Throwing
  1263 | D:3      | Reached skill level 1 in Stealth
  1263 | D:3      | Reached skill level 1 in Unarmed Combat
  1263 | D:3      | Reached skill level 1 in Evocations
  1263 | D:3      | Reached skill level 1 in Shapeshifting
  1263 | D:3      | Reached XP level 4. HP: 31/34 MP: 8/13
  1352 | D:3      | Reached skill level 1 in Conjurations
  1352 | D:3      | Reached skill level 1 in Hexes
  1352 | D:3      | Reached skill level 1 in Summonings
  1352 | D:3      | Reached skill level 1 in Necromancy
  1352 | D:3      | Reached skill level 1 in Translocations
  1352 | D:3      | Reached skill level 1 in Air Magic
  1352 | D:3      | Reached skill level 1 in Earth Magic
  1352 | D:3      | Reached skill level 1 in Alchemy
  1692 | D:3      | Found an iron altar of Okawaru.
  1942 | D:3      | Reached XP level 5. HP: 37/40 MP: 10/14
  2080 | D:3      | Found a runed translucent door.
  2084 | D:3      | Noticed mooti9's ghost (amateur HuHu)
  2206 | D:3      | Found a burning altar of Makhleb.
  2532 | D:4      | Noticed a phantom
  2552 | D:4      | Killed a phantom
  2553 | D:4      | Reached XP level 6. HP: 41/47 MP: 12/16
  3256 | D:4      | Slain by a sleepcap

Illustrated notes

Levels and vault maps discovered:
D:1:      amcnicky_arrival_single_pillar, layout_rooms
D:2:      layout_rooms, shapermc_ecumenical_altar_ellora,
          kennysheep_generic_room_10, uniq_crazy_yiuf_cottage
D:3:      layout_basic, demons_altar, lemuel_crystal_altar,
          ebering_ghost_reflecting_pool
D:4:      layout_basic, worldfamousw_hep_ancestral_shrine

Skill      XL: |  1  2  3  4  5  6 |
---------------+-------------------+-----
Ice Magic      | 2 |  2.8
Invocations    | 1 2 |  2.4
Short Blades   | 1 2 |  2.2
Long Blades    | 1 2 |  2.2
Axes           | 1 2 |  2.2
Maces & Flails | 1 2 |  2.2
Polearms       | 1 2 |  2.2
Staves         | 1 2 |  2.2
Ranged Weapons | 1 2 |  2.2
Throwing       | 1 2 |  2.2
Stealth        | 1 2 |  2.2
Unarmed Combat | 1 2 |  2.2
Evocations     | 1 2 |  2.2
Shapeshifting  | 1 2 |  2.0
Conjurations   | 1 |  1.7
Hexes          | 1 |  1.7
Summonings     | 1 |  1.7
Necromancy     | 1 |  1.7
Translocations | 1 |  1.7
Air Magic      | 1 |  1.7
Earth Magic    | 1 |  1.7
Alchemy        | 1 |  1.7
Fighting       | 3 |  3.4
Armour         | 3 |  3.4
Dodging        | 3 |  3.4
Shields        | 3 |  3.4
Fire Magic     | 4 |  4.2
Spellcasting   | |  7.5

Action                     |  1- 3 |  4- 6 || total
---------------------------+-------+-------++-------
  Melee: Club              |     7 |    43 ||    50
         Bite              |       |     7 ||     7
   Cast: Foxfire           |    49 |    75 ||   124
  Evoke: Wand              |       |     3 ||     3
    Use: Potion            |       |     2 ||     2
 Armour: Robe              |    13 |    41 ||    54
  Dodge: Dodged            |     9 |    32 ||    41
  Block: Buckler           |     1 |    20 ||    21

Table legend: (Time is in decaauts)
 A = Elapsed time spent in this place.
 B = Non-inter-level travel time spent in this place.
 C = Inter-level travel time spent in this place.
 D = Time resting spent in this place.
 E = Time spent auto-exploring this place.
 F = Levels seen in this place.
 G = Mean time per level.
                   A        B        C        D        E       F      G
               +--------+--------+--------+--------+--------+-----+--------+
         Total |   3268 |   3182 |     86 |     78 |   2561 |   4 |  817.0 |
       Dungeon |   3268 |   3182 |     86 |     78 |   2561 |   4 |  817.0 |
               +--------+--------+--------+--------+--------+-----+--------+

Top non-repeatable levels by time:
     D:3: 1266 daAuts
     D:4: 734 daAuts
     D:1: 657 daAuts
     D:2: 609 daAuts
